 Dungeon Crawl Stone Soup version 0.29.0-4-gdea44cf6ec (webtiles) character file.

Game seed: 17782041771806434732

97 qw the Chopper (level 4, 0/58 HPs)
             Began as a Minotaur Berserker on Sept 9, 2022.
             Was a Follower of Trog.
             Succumbed to a scorpion's poison
             ... on level 1 of the Dungeon.
             The game lasted 00:00:28 (1506 turns).

qw the Chopper (Minotaur Berserker)                 Turns: 1506, Time: 00:00:29

Health: 0/58       AC:  4    Str: 20 (23) XL:     4   Next: 42%
Magic:  3/3        EV: 11    Int:  4      God:    Trog [*.....]
Gold:   70         SH:  0    Dex: 10      Spells: 3/3 levels left

rFire   . . .      SeeInvis .   Y - +0 hand axe
rCold   . . .      Faith    .   (no shield)
rNeg    . . .      Spirit   .   c - +0 leather armour
rPois   .          Reflect  .   (helmet restricted)
rElec   .          Harm     .   n - +0 cloak
rCorr   .          Rampage  .   (no gloves)
Will    .....                   (no boots)
Stlth   ..........              (no amulet)
HPRegen 0.19/turn               (no ring)
MPRegen 0.08/turn               (no ring)

@: berserking (expiring), lethally poisoned (0 -> -9), very quick
A: horns 2, retaliatory headbutt
a: Renounce Religion, Berserk


You were on level 1 of the Dungeon.
You worshipped Trog.
Trog was aware of your devotion.
You visited 1 branch of the dungeon, and saw 2 of its levels.

You collected 70 gold pieces.


Innate Abilities, Weirdness & Mutations

You have a pair of horns on your head.
You reflexively headbutt those who attack you in melee.


   Skills:
 - Level 3.6 Fighting
 + Level 6.4 Axes
 - Level 2.4 Armour
 - Level 2.1 Dodging


You had 3 spell levels left.
You didn't know any spells.
Your spell library was empty.

Inventory:

Hand Weapons
 h - a +0 club
 Y - a +0 hand axe (weapon)
Armour
 c - a +0 leather armour (worn)
 n - a +0 cloak (worn)
Potions
 d - a potion of mutation {unknown}
 e - a potion of curing
 g - a potion of cancellation {unknown}
 k - a potion of lignification {unknown}
 m - a potion of heal wounds {unknown}
 o - 2 potions of might

Dungeon Overview and Level Annotations

Branches:
Dungeon (2/15)

Altars:


Message History

You feel sick. The scorpion stings you.
You hit the scorpion.
The scorpion is moderately wounded.
You feel sick. The scorpion closely misses you. You furiously retaliate!
You headbutt the scorpion, but do no damage.
You hit the scorpion.
The scorpion is moderately wounded.
You feel sick. The scorpion stings you.
You are more poisoned.
The scorpion poisons you!
1500 ||| INVOKING Berserk.
A red film seems to cover your vision as you go berserk!
You feel yourself moving faster!
You feel mighty!
You feel very sick. The scorpion stings you.
You are lethally poisoned!
The scorpion poisons you!
The scorpion stings you but does no damage.
You slash the scorpion!
The scorpion is almost dead.
You feel very sick.
You closely miss the scorpion. Your headbutt misses the scorpion.
The scorpion is almost dead.
You feel very sick. The scorpion misses you. You furiously retaliate!
You headbutt the scorpion, but do no damage.
You hit the scorpion.
You kill the scorpion!
Trog accepts your kill.
You feel sick.
You feel your intelligence returning.
You feel your dexterity returning.
Your Axes skill increases to level 6!
You have reached level 4!
You feel agile.
1504 ||| STAIRDANCE You feel sick.
You climb upwards.
You feel a strong urge to attack something.
You feel very sick.
There is a stone staircase leading down here.
There is a lethal amount of poison in your body!
You die...

# ######## # #......# # #.####.#
##### #......# ### ....#
#..###.###### ##.# ###.######
#..#........# ##... .........#
#..#.#.####.# #.... ###.####.#
#.@.........# #.... # #.#
##.######.##........###.#.# ###(#
#.......................... ..%.#
#..#####..##........###.#.# #####
#..%..##..###.....).# #.#'# #
#.###.##..# #.......# #.... ##
#.# #.##..###.......###.... .##
##.###.##.........#####.....
..####.........###........#......


There were no monsters in sight!

Vanquished Creatures
  A scorpion (D:2)
  2 dart slugs (D:1)
  2 ball pythons (D:1)
  2 bats (D:1)
  2 endoplasms (D:1)
  2 giant cockroaches (D:1)
  A goblin (D:1)
  2 hobgoblins (D:1)
  2 jackals (D:1)
  4 quokkas (D:1)
  2 frilled lizards (D:1)
  6 kobolds (D:1)
  6 rats (D:1)
34 creatures vanquished.

Notes
Turn   | Place    | Note
-------+----------+-------------------------------------------
     0 | D:1      | qw the Minotaur Berserker began the quest for the Orb.
     0 | D:1      | Reached XP level 1. HP: 19/19 MP: 0/0
     0 | D:1      | 0 ||| qw: Version: 0.1-a-113-g051387a
     0 | D:1      | 0 ||| qw: Game counter: 6942
     0 | D:1      | 0 ||| qw: Always use a shield: true
     0 | D:1      | 0 ||| qw: Do Orc after D:15 true
     0 | D:1      | 0 ||| qw: Do second Lair branch before Depths: true
     0 | D:1      | 0 ||| qw: Lair rune preference: random
     0 | D:1      | 0 ||| qw: Plans: Normal
     0 | D:1      | 0 ||| PLANNING D:1-11
   362 | D:1      | Reached skill level 4 in Axes
   408 | D:1      | Reached XP level 2. HP: 26/26 MP: 1/1
   666 | D:1      | Reached skill level 5 in Axes
   767 | D:1      | Reached XP level 3. HP: 31/31 MP: 2/2
   777 | D:1      | Found a faded altar of an unknown god.
  1419 | D:1      | 1419 ||| UPGRADING to +0 leather armour.
  1429 | D:1      | 1429 ||| DROPPING +0 animal skin.
  1430 | D:1      | 1430 ||| UPGRADING to +0 cloak.
  1435 | D:1      | 1435 ||| READING scroll labelled COHISTR GAEB.
  1436 | D:1      | 1436 ||| READING 2 scrolls labelled OPOTTA YBRIOHY.
  1437 | D:1      | 1437 ||| READING scroll labelled OSIWI ADGHU.
  1438 | D:1      | 1438 ||| READING scroll labelled CIXIARUAMY.
  1441 | D:1      | 1441 ||| DRINKING 2 blue potions.
  1442 | D:1      | 1442 ||| DRINKING 2 orange potions.
  1443 | D:1      | 1443 ||| DRINKING 3 yellow potions.
  1444 | D:1      | 1444 ||| DROPPING potion of degeneration.
  1445 | D:1      | 1445 ||| DROPPING scroll of fog.
  1492 | D:2      | Noticed a scorpion
  1500 | D:2      | 1500 ||| INVOKING Berserk.
  1501 | D:2      | HP: 10/46 [poisoned by a scorpion]
  1503 | D:2      | Killed a scorpion
  1504 | D:2      | Reached skill level 6 in Axes
  1504 | D:2      | Reached XP level 4. HP: 7/39 MP: 3/3
  1504 | D:2      | 1504 ||| STAIRDANCE
  1505 | D:1      | HP: 2/58 [poisoned by a scorpion]
  1506 | D:1      | Succumbed to a scorpion's poison

Levels and vault maps discovered:
D:1:      erik_arrival_cave_to_civilisation [erik_arrival_cave_to_hall],
          layout_loops_corners, shapermc_ecumenical_altar_hornbeckon
D:2:      minmay_alternating_diamond, layout_basic, minmay_statues_item,
          minivault_23, minmay_3d_cube

Skill      XL: |  1  2  3 |
---------------+----------+-----
Axes           | 4 5 6 |  6.4
Fighting       | |  3.6
Armour         | |  2.4
Dodging        | |  2.1

Action                   |  1- 3 |  4- 6 || total
-------------------------+-------+-------++-------
Melee: Hand axe          |    82 |       ||    82
       Headbutt          |    15 |       ||    15
       Punch             |     1 |       ||     1
Invok: Berserk           |     1 |       ||     1
  Use: Scroll            |     4 |       ||     4
       Potion            |     3 |       ||     3
 Stab: Sleeping          |     1 |       ||     1
Armor: Animal skin       |     9 |       ||     9
       Leather armour    |     1 |       ||     1
Dodge: Dodged            |    34 |       ||    34

Table legend:
 A = Non-vault XP
 B = Vault XP
 C = Vault XP percentage of total XP
 D = Non-vault monster count
 E = Vault monster count
 F = Vault count percentage of total count
                 A         B        C        D         E       F
            +---------+---------+-------+---------+---------+-------
      Total |     137 |       2 |   1.4 |      32 |       2 |   5.9
            +---------+---------+-------+---------+---------+-------
        D:1 |      54 |       2 |   3.6 |      31 |       2 |   6.1
        D:2 |      83 |       0 |   0.0 |       1 |       0 |   0.0
            +---------+---------+-------+---------+---------+-------
